 Dungeon Crawl Stone Soup version 0.30-a0-335-ge5acde7520 (webtiles) character file.

Game seed: 12465715811940011198

3824 porpoise the Fighter (level 10, -1/79 HPs)
             Began as a Djinni Fire Elementalist on Oct 31, 2022.
             Slain by an orc warrior
             ... wielding a +0 battleaxe
              (18 damage)
             ... on level 7 of the Dungeon.
             The game lasted 00:38:57 (8958 turns).

porpoise the Fighter (Djinni Fire Elementalist)     Turns: 8958, Time: 00:38:58

Health: -1/79      AC:  8    Str:  7    XL:     10   Next: 40%
Gold:   375        EV: 12    Int: 21    God:
                   SH:  0    Dex: 14

rFire   + + .      SeeInvis .    b - +0 hammer (drain)
rCold   x . .      Faith    .    (no shield)
rNeg    . . .      Spirit   .    d - +0 acid dragon scales
rPois   ∞          Reflect  .    q - +0 helmet
rElec   .          Harm     .    k - +0 cloak
rCorr   +          Rampage  .    (no gloves)
Will    +....                    (boots unavailable)
Stlth   ++........               (no amulet)
HPRegen 0.33/turn                (no ring)
MPRegen 0.00/turn                (no ring)

@: flying
A: sickness immunity, fire resistance 2, cold vulnerability 1, float, innate
caster, HP casting, extra vitality 1
a: no special abilities


You were on level 7 of the Dungeon.
You visited 2 branches of the dungeon, and saw 8 of its levels.
You also visited: Sewer.

You collected 495 gold pieces.
You spent 120 gold pieces at shops.

Inventory:

Hand Weapons
 a - a +3 hammer of venom
 b - a +0 hammer of draining (weapon)
 C - a +2 antimagic dagger
 D - a +0 sling
Missiles
 r - 3 throwing nets
 v - 10 poisoned darts
 w - 4 boomerangs
Armour
 d - +0 acid dragon scales (worn)
 k - a +0 cloak (worn)
 n - a +1 ring mail of cold resistance
 q - a +0 helmet (worn)
 E - a +2 robe of fire resistance
Jewellery
 j - a ring of positive energy
Wands
 z - a wand of mindburst (2)
 B - a wand of polymorph (9)
Scrolls
 c - 3 scrolls of identify
 e - 4 scrolls of teleportation
 f - 2 scrolls of torment {unknown}
 g - 3 scrolls of fear
 l - a scroll of immolation {unknown}
 m - a scroll of vulnerability
 o - a scroll of magic mapping {unknown}
 s - a scroll of butterflies {unknown}
 t - 2 scrolls of blinking
 y - 2 scrolls of poison
 A - a scroll of brand weapon {unknown}
Potions
 h - 2 potions of attraction
 i - a potion of mutation
 p - 5 potions of curing
 x - a potion of might
Miscellaneous
 u - a phial of floods (inert)


   Skills:
 + Level 9.6 Fighting
 + Level 5.3 Dodging
 + Level 4.3 Stealth
 - Level 7.0 Spellcasting


You had 2 spell levels left.
You knew the following spells:

 Your Spells              Type           Power      Damage    Failure   Level
a - Foxfire               Conj/Fire      100%       2x1d9     1%          1
b - Scorch                Fire           72%        2d9       1%          2
c - Kindle Blastsparks    Fire/Tloc/Air  72%        2d16      2%          3
d - Inner Flame           Hex/Fire       36%        N/A       2%          3
f - Flame Wave            Conj/Fire      36%        2d10      10%         4
l - Slow                  Hex            100%       N/A       1%          1
m - Momentum Strike       Conj/Tloc      72%        3d10      1%          2
s - Stone Arrow           Conj/Erth      72%        3d11      2%          3
w - Wereblood             Tmut           36%        N/A       1%          2
Your spell library was empty.

Dungeon Overview and Level Annotations

Branches:
Dungeon (7/15)             Temple (1/1) D:6           Sewer (visited)

Altars:
Ashenzari
Cheibriados
Dithmenos
Gozag
Hepliaklqana
Nemelex Xobeh
Okawaru
Qazlal
Trog
Uskayaw
Wu Jian
Xom
Zin
The Shining One

Shops:
D:1 *   D:5 *!


Innate Abilities, Weirdness & Mutations

You are immune to sickness and miasma.
You are immune to poison.
Your flesh is very heat resistant. (rF++)
You are vulnerable to cold. (rC-)
You float through the air rather than walking.
You learn spells naturally, not from books.
Your magical power is your life essence.
You have superior vitality. (+4 MHP)


Message History

The yak is almost dead.
The orc warrior shouts!
An orc priest comes into view. It is wielding a +0 falchion.
A wave of flame ripples out!
The flame wave engulfs the yak!
You kill the yak!
The flame wave engulfs the yak.
The yak is heavily wounded.
The flame wave engulfs the yak!
The yak is almost dead.
You finish channelling waves of flame.
The orc priest mumbles some strange prayers to Beogh against you.
Beogh smites you!
* * * LOW HITPOINT WARNING * * *
An orc comes into view. It is wielding a +0 hand axe.
Your Dodging skill increases to level 5!
Your Stealth skill increases to level 4!
Aim the phial where?
Press: ? - help, Shift-Dir - straight line, f - orc priest
Aim: an orc priest, wielding a +0 falchion The torrent of water hits the yak!
The yak is severely wounded.
The yak is knocked back by the torrent of water.
The yak collides with the yak!
You kill the yak!
The yak is almost dead.
The wave splashes down.
The yak is engulfed in water.
You hit the yak.
The yak is almost dead.
The yak gores you.
* * * LOW HITPOINT WARNING * * *
The orc priest miscasts a cantrip.
The yak misses you.
You hit the yak but do no damage.
The yak is almost dead.
The yak gores you but does no damage.
You hit the yak.
You kill the yak!
You closely miss the orc warrior.
The orc warrior hits you with a +0 battleaxe!!
You die...

.#.........
.....
...........
....
.#.########
##.. ....#
#..# ....##
##..# .....#
#.o~# .)##.#
#Y#o# ####..#
#..#o#
..>##...
.YY##@# .##
#### ...# #.Y.
#.# ..# .#
#.## ##.#
#.### #.# .##
## ### #...#
#.# ..#
#.####...# #.#
#.#####
#...###..###.#
......##
###..........#
.......##
######.###.#
........#
#...#.##


You could see an orc warrior, an orc priest and an orc.

Vanquished Creatures
  Maggie (D:7)
  Prince Ribbit (D:5)
  5 yaks (D:7)
  Menkaure (D:7)
  Duvessa (D:7)
  2 water moccasins
  A black bear (D:6)
  2 sky beasts
  2 ogres
  A phantom (D:5)
  2 centaurs
  3 bullfrogs
  7 scorpions
  2 necrophages (D:5)
  Dowan (D:7)
  A gnoll bouda (D:4)
  A hound (D:5)
  A jelly (D:6)
  Crazy Yiuf (D:7)
  An orc priest (D:5)
  6 iguanas
  An orc wizard (D:3)
  6 gnolls
  6 adders
  A white imp (D:6)
  An ufetubus (D:7)
  A worm (D:2)
  4 dart slugs (D:1)
  13 orcs
  7 bats
  14 endoplasms
  11 giant cockroaches
  4 goblins
  4 hobgoblins
  7 jackals
  17 quokkas
  15 ball pythons
  11 frilled lizards
  2 kobolds
  5 rats
173 creatures vanquished.

Vanquished Creatures (collateral kills)
  Grinder (D:5)
  An ice beast (D:5)
2 creatures vanquished.

Vanquished Creatures (others)
  402 foxfires
  2 fungi (D:3)
  5 toadstools (D:3)
409 creatures vanquished.

Grand Total: 584 creatures vanquished

Notes
Turn   | Place    | Note
-------+----------+-------------------------------------------
     0 | D:1      | porpoise the Djinni Fire Elementalist began the quest for
                  | the Orb.
     0 | D:1      | porpoise set off with the following spells memorised:
                  | Foxfire, Scorch, Kindle Blastsparks, Inner Flame, Flame
                  | Wave.
     0 | D:1      | Reached XP level 1. HP: 15/15 MP: 0/0
    91 | D:1      | Reached skill level 1 in Fighting
    91 | D:1      | Reached XP level 2. HP: 21/22 MP: 0/0
   161 | D:1      | Found Ibakaxax's Assorted Antiques.
   266 | D:1      | Reached XP level 3. HP: 26/27 MP: 0/0
   266 | D:1      | Learned a level 1 spell: Slow
   949 | D:2      | Reached skill level 2 in Fighting
  1088 | D:2      | Reached XP level 4. HP: 33/33 MP: 0/0
  1370 | D:2      | Found an ornate altar of the Wu Jian Council.
  2036 | D:3      | Found a sparkling altar of Nemelex Xobeh.
  2052 | D:3      | Reached XP level 5. HP: 37/40 MP: 0/0
  2052 | D:3      | Learned a level 2 spell: Momentum Strike
  2575 | D:4      | Reached skill level 3 in Fighting
  2774 | D:4      | Found a glowing drain.
  2794 | Sewer    | Entered a sewer
  3276 | Sewer    | Noticed a bullfrog
  3277 | Sewer    | Noticed a bullfrog
  3281 | Sewer    | Killed a bullfrog
  3282 | Sewer    | Reached XP level 6. HP: 42/47 MP: 0/0
  3285 | Sewer    | Reached skill level 4 in Fighting
  3430 | D:4      | Noticed a sky beast
  3446 | D:4      | Killed a sky beast
  3447 | D:4      | Reached XP level 7. HP: 10/53 MP: 0/0
  3447 | D:4      | Learned a level 2 spell: Wereblood
  3710 | D:4      | Reached skill level 5 in Fighting
  4229 | D:4      | Found a glowing silver altar of Zin.
  4431 | D:5      | Entered Level 5 of the Dungeon
  4431 | D:5      | Found Ahuuj's General Store.
  4438 | D:5      | Reached skill level 5 in Spellcasting
  4438 | D:5      | Reached XP level 8. HP: 52/60 MP: 0/0
  4609 | D:5      | Bought a potion of might for 48 gold pieces
  4609 | D:5      | Bought 2 potions of curing for 72 gold pieces
  4647 | D:5      | Noticed Grinder
  4656 | D:5      | Paralysed by Grinder for 4 turns
  4665 | D:5      | Paralysed by Grinder for 2 turns
  4668 | D:5      | Killed Grinder
  4669 | D:5      | Reached skill level 6 in Fighting
  5320 | D:5      | Noticed Prince Ribbit
  5327 | D:5      | Killed Prince Ribbit
  5328 | D:5      | Reached skill level 7 in Fighting
  5375 | D:5      | Found Xorphuch's Distillery.
  5544 | D:5      | Reached XP level 9. HP: 53/68 MP: 0/0
  5544 | D:5      | Learned a level 3 spell: Stone Arrow
  5624 | D:5      | Found a hazy altar of Hepliaklqana.
  6015 | D:6      | Found a bloodstained altar of Trog.
  6050 | D:6      | Reached skill level 8 in Fighting
  6295 | D:6      | Found a staircase to the Ecumenical Temple.
  6307 | Temple   | Entered the Ecumenical Temple
  7710 | D:7      | Noticed Maggie
  7732 | D:7      | Killed Maggie
  7909 | D:7      | Reached skill level 9 in Fighting
  7909 | D:7      | Reached XP level 10. HP: 45/78 MP: 0/0
  8131 | D:7      | Found a stormy altar of Qazlal.
  8160 | D:7      | Found a shadowy altar of Dithmenos.
  8314 | D:7      | Found a runed translucent door.
  8315 | D:7      | Noticed Crazy Yiuf
  8322 | D:7      | Killed Crazy Yiuf
  8412 | D:7      | Noticed Menkaure
  8427 | D:7      | Killed Menkaure
  8713 | D:7      | Noticed Duvessa
  8713 | D:7      | Noticed Dowan
  8721 | D:7      | Killed Duvessa
  8732 | D:7      | Killed Dowan
  8953 | D:7      | Reached skill level 5 in Dodging
  8958 | D:7      | Slain by an orc warrior

Illustrated notes

Levels and vault maps discovered:
D:1:      lemuel_arrival_hallway, layout_loops_ring, serial_shops, shop,
          hangedman_glass_teeth, chequers_serial_rivers_micro_a,
          minmay_heptomino_h4
D:2:      layout_basic, basic_altar
D:3:      layout_basic, nemelex_xobeh_ov_fountains_minmay,
          minmay_gold_behind_fungi
D:4:      layout_rooms, kennysheep_mini_moat, portal_sewer_entry_f
D:5:      layout_loops_ring, nicolae_hepliaklqana_hippocampus, serial_shops,
          nicolae_diamond_shop, nicolae_stop_n_shop_1, minmay_misc_feat_pillars,
          uniq_prince_ribbit1, uniq_grinder
D:6:      layout_layer_cave, kennysheep_mini, minmay_temple_entry_junction_2,
          grunt_decor_resistance
D:7:      layout_rooms, nicolae_dithmenos_the_darkroom, lemuel_crystal_altar,
          serial_curves, eino_curves_03, eino_curves_02, eino_curves_01,
          uniq_crazy_yiuf_cottage, uniq_maggie, uniq_duvessa, uniq_menkaure
Temple:   nicolae_temple_ecumenical_triangle

Skill      XL: |  1  2  3  4  5  6  7  8  9 10 |
---------------+-------------------------------+-----
Fighting       | 1 2 3 4 5 7 9 |  9.6
Spellcasting   | 3 4 5 6 7 |  7.0
Stealth        | 3 4 |  4.3
Dodging        | 3 5 |  5.3

Action                   |  1- 3 |  4- 6 |  7- 9 | 10-12 || total
-------------------------+-------+-------+-------+-------++-------
Melee: Unarmed           |    13 |       |       |       ||    13
       Mace              |       |    17 |       |    18 ||    35
       Punch             |       |     1 |       |       ||     1
       Dagger            |       |    24 |    59 |       ||    83
 Fire: Sling             |       |     1 |     8 |       ||     9
 Cast: Foxfire           |    46 |    86 |    95 |     6 ||   233
       Scorch            |       |     5 |    34 |     6 ||    45
       Wereblood         |       |       |     2 |     1 ||     3
       Flame Wave        |       |       |     1 |     3 ||     4
       Kindle Blastspark |       |       |     5 |     2 ||     7
       Momentum Strike   |       |       |     1 |       ||     1
       Stone Arrow       |       |       |     4 |       ||     4
Evoke: Phial of floods   |       |       |     1 |     1 ||     2
       Wand              |       |       |     5 |       ||     5
  Use: Scroll            |     5 |     3 |     3 |     3 ||    14
       Potion            |       |       |     5 |     1 ||     6
 Stab: Sleeping          |     1 |     2 |       |       ||     3
Armor: Robe              |    11 |    10 |    20 |       ||    41
       Acid dragon scale |       |       |       |     2 ||     2
Dodge: Dodged            |    25 |    20 |    77 |    13 ||   135

Table legend: (Time is in decaauts)
 A = Elapsed time spent in this place.
 B = Non-inter-level travel time spent in this place.
 C = Inter-level travel time spent in this place.
 D = Time resting spent in this place.
 E = Time spent auto-exploring this place.
 F = Levels seen in this place.
 G = Mean time per level.
                   A        B        C        D        E       F      G
               +--------+--------+--------+--------+--------+-----+--------+
         Total |   8976 |   8769 |    207 |   3128 |   4239 |   9 |  997.3 |
       Dungeon |   8347 |   8158 |    189 |   2876 |   4073 |   7 | 1192.4 |
        Temple |     43 |     25 |     18 |      0 |     19 |   1 |   43.0 |
         Sewer |    585 |    585 |      0 |    252 |    147 |   1 |  585.0 |
               +--------+--------+--------+--------+--------+-----+--------+

Top non-repeatable levels by time:
     D:6: 1642 daAuts
     D:7: 1436 daAuts
     D:5: 1418 daAuts
     D:4: 1147 daAuts
     D:2: 938 daAuts
     D:3: 902 daAuts
     D:1: 861 daAuts
   Sewer: 585 daAuts
  Temple: 43 daAuts
